AoeStats
← slampawiscool

Arabia

503254642Analyzed
1v1 RM · 1mo ago on Aug 30, 2026· 42m 4s· 2 players
Game mode
Random Map
Map size
Tiny (2 player)
Population
200
Speed
Normal
Resources
Standard
Victory
Conquest
Starting age
Dark Age
Ending age
Imperial Age
RankedLock teamsTeams togetherTeam positionsShared explorationLock speedFull tech treeHidden civsTurbo modeCheats
Victory
Defeat
🇩🇪 Khmer · Germany
1005
+15
🇺🇸 Persians · United States
989
-15
slampawiscool
10:55 Feudal Age
10:10 Loom
11:39 Double-Bit Axe
11:37 Horse Collar
15:20 Wheelbarrow
23:00 Castle Age
24:24 Stone Mining
24:25 Gold Mining
28:16 Bow Saw
30:08 Forging
31:27 Fletching
31:37 Padded Archer Armor
32:26 Town Watch
33:18 Heavy Plow
38:13 Imperial Age
36:15 Hand Cart
40:07 Scale Barding Armor
41:51 Iron Casting
MRO4994
5:49 Loom
11:23 Feudal Age
14:54 Castle Age
15:24 Double-Bit Axe
17:00 Scale Barding Armor
23:33 Bloodlines
24:45 Forging
35:07 Imperial Age
33:21 Wheelbarrow
32:35 Town Watch
34:24 Iron Casting
34:33 Bow Saw
34:49 Chain Barding Armor
35:55 Cavalier
37:40 Blast Furnace
39:57 Chemistry
39:20 Ballistics
40:26 Conscription
41:51 Plate Barding Armor
41:07 Fletching
41:02 Horse Collar
41:15 Gold Mining
41:15 Stone Mining
42:29 Siege Engineers
42:39 Masonry
Connection lost

Rejoining the realm…

Still unreachable

The connection could not be restored.

Session expired

The server has moved on; the page needs a fresh start.